 Dungeon Crawl Stone Soup version 0.25-a0-1130-g3926558f3a (webtiles) character file.

Game seed: 2203508448810883810, levelgen mode: deterministic

41 MisterFreud the Poker (level 3, 0/31 HPs)
             Began as a Centaur Fighter on May 19, 2020.
             Succumbed to an adder's poison
             ... on level 2 of the Dungeon.
             The game lasted 00:01:16 (952 turns).

MisterFreud the Poker (Centaur Fighter)              Turns: 952, Time: 00:01:16

Health: 0/31       AC:  6    Str: 16 (19) XL:     3   Next: 32%
Magic:  3/3        EV:  4    Int:  6 (7)  God:
Gold:   92         SH:  7    Dex:  6 (8)  Spells: 2/2 levels left

rFire    . . .     SeeInvis .   a - +0 trident
rCold    . . .     Gourm    .   c - +0 kite shield
rNeg     . . .     Faith    .   b - +0 scale mail
rPois    .         Spirit   .   (no helmet)
rElec    .         Reflect  .   (no cloak)
rCorr    .         Harm     .   (no gloves)
MR       .....                  (no barding)
Stlth    ..........             (no amulet)
HPRegen  0.10/turn              (no ring)
MPRegen  0.08/turn              (no ring)

@: lethally poisoned (0 -> -3), hasted, very quick
A: large, hooves 3, deformed body, speed 2, tough skin 3
a: no special abilities


You were on level 2 of the Dungeon.
You were not hungry.

You visited 1 branch of the dungeon, and saw 2 of its levels.

You collected 92 gold pieces.

Inventory:

Hand Weapons
 a - a +0 trident (weapon)
Armour
 b - a +0 scale mail (worn)
 c - a +0 kite shield (worn)
Scrolls
 e - a scroll of noise {unknown}
 j - a scroll of teleportation {unknown}
 k - a scroll of remove curse {unknown}
 l - a scroll of identify {unknown}
 m - a scroll of random uselessness {unknown}
Potions
 d - a potion of might
Comestibles
 f - 3 rations


   Skills:
 - Level 3.0 Fighting
 + Level 3.4 Polearms
 - Level 2.1 Armour
 - Level 2.1 Shields


You had 2 spell levels left.
You didn't know any spells.
Your spell library was empty.

Dungeon Overview and Level Annotations

Branches:
Dungeon (2/15)

Altars:


Innate Abilities, Weirdness & Mutations

You have hooves in place of feet.
Armour fits poorly on your strangely shaped body.
You cover ground very quickly.
You have extremely tough skin. (AC +3)


Message History

* * * LOW HITPOINT WARNING * * *
You feel sick. The rat bites you.
* * * LOW HITPOINT WARNING * * *
It was a potion of haste.
You feel yourself speed up. The rat bites you but does no damage.
* * * LOW HITPOINT WARNING * * *
You feel sick.
A frilled lizard comes into view.
The frilled lizard hisses angrily.
Found a scroll labeled ZUTOTIYDAJ and a scroll labeled ATEPLETZIUVU.
* * * LOW HITPOINT WARNING * * *
You feel sick.
A frilled lizard comes into view.
The frilled lizard hisses angrily.
The frilled lizard moves out of view.
Found 23 stones and 13 gold pieces.
* * * LOW HITPOINT WARNING * * *
You feel sick.
Okay, then.
You die...

....... . ........
.. ........ ...
........ .. $.#.#
........ #.####
...##.....^..
#....#
#............ #@#
#..# #.....
##.####..## #.##..
#.........####.#..#
#.....l.#.......r##
#..........###.####
#...(..#.#.........
########?......l...
##.........%
#..........


There were no monsters in sight!

Vanquished Creatures
  An adder (D:2)
  2 dart slugs (D:1)
  2 leopard geckos (D:1)
  3 giant cockroaches (D:1)
  3 goblins (D:1)
  2 hobgoblins (D:1)
  3 kobolds (D:1)
  2 bats
  2 frilled lizards (D:1)
  7 rats (D:1)
27 creatures vanquished.

Notes
Turn   | Place    | Note
-------+----------+-------------------------------------------
     0 | D:1      | MisterFreud the Centaur Fighter began the quest for the
                  | Orb.
     0 | D:1      | Reached XP level 1. HP: 19/19 MP: 1/1
   292 | D:1      | Reached XP level 2. HP: 26/26 MP: 2/2
   489 | D:1      | Reached XP level 3. HP: 25/31 MP: 3/3
   945 | D:2      | HP: 1/31 [poisoned by an adder]
   952 | D:2      | Succumbed to an adder's poison

Illustrated notes

Levels and vault maps discovered:
D:1:      nicolae_arrival_washed_ashore, layout_loops_cross, minmay_pentomino_w4
D:2:      layout_rooms, minmay_split_cup_small

Skill      XL: |  1  2 |
---------------+-------+-----
Polearms       | 2 3 |  3.4
Fighting       | |  3.0
Armour         | |  2.1
Shields        | |  2.1

Action                   || total
-------------------------++-------
Melee: Trident           ||    91
       Kick              ||    15
  Use: Potion            ||     2
Armor: Scale mail        ||    33
Dodge: Dodged            ||    17
Block: Kite shield       ||    28

Table legend:
 A = Non-vault XP
 B = Vault XP
 C = Vault XP percentage of total XP
 D = Non-vault monster count
 E = Vault monster count
 F = Vault count percentage of total count
                 A         B        C        D         E       F
            +---------+---------+-------+---------+---------+-------
      Total |      46 |      13 |  22.0 |      20 |       7 |  25.9
            +---------+---------+-------+---------+---------+-------
        D:1 |      31 |      13 |  29.5 |      18 |       7 |  28.0
        D:2 |      15 |       0 |   0.0 |       2 |       0 |   0.0
            +---------+---------+-------+---------+---------+-------
